Map: Neon Violet Square LE

Players

Freez - Winner!

  • Race: Zerg Zerg
  • League: Platinum
  • Spawn Location: 11:00

axu

  • Race: Protoss Protoss
  • League: Platinum
  • Spawn Location: 5:00

VOD

Have the link to the VOD?

Description

Time

  • Played on: March 7, 2018, 10:43 a.m.
  • Length: 12:17
Show
View Real Time Build Order
Export as new Build Order

Freez Zerg - Winner!

Build Orders: Pool First, Lurkers 

Get SALT Encoding   

  12  0:01  Drone  
  13  0:13  Overlord  
  13  0:20  Drone  
  14  0:36  Spawning Pool  
  14  0:40  Drone  
  14  0:41  Drone  
  15  0:46  Drone  
  16  0:51  Drone  
  17  1:13  Hatchery  
  16  1:19  Extractor  
  16  1:23  Zergling x4  
  16  1:24  Zergling x2  
  18  1:34  Queen  
  20  1:45  Overlord  
  20  1:46  Zergling x2  
  21  1:57  Drone  
  22  2:09  Drone  
  24  2:22  Zergling x2  
  24  2:33  Zergling x4  
  24  2:34  Queen  
  28  2:43  Zergling x8  
  28  2:56  Drone x3  
  31  3:09  Drone x3  
  31  3:12  Metabolic Boost  
  34  3:20  Overlord  
  34  3:32  Drone x2  
  34  3:33  Drone  
  36  3:38  Drone  
  35  3:50  Drone, Zergling x4  
  35  3:51  Drone x3  
  35  3:54  Overlord  
  37  4:12  Drone x3  
  37  4:13  Drone  
  41  4:18  Queen, Roach Warren  
  41  4:20  Drone  
  42  4:31  Drone x2  
  42  4:32  Zergling x4  
  46  4:40  Hatchery  
  43  4:47  Zergling x2  
  43  4:49  Drone x2  
  43  4:50  Drone x2  
  43  4:51  Drone  
  49  4:53  Extractor  
  49  4:54  Extractor  
  49  4:58  Lair  
  47  5:25  Overlord, Roach x2  
  47  5:26  Overlord x3, Evolution Chamber  
  50  5:30  Evolution Chamber  
  48  5:37  Overlord  
  48  5:38  Roach x2  
  52  5:48  Drone x3, Extractor  
  54  5:54  Drone x2  
  54  5:55  Drone x5  
  61  6:02  Queen  
  63  6:05  Roach  
  63  6:07  Drone  
  63  6:09  Drone  
  67  6:12  Glial Reconstitution  
  67  6:20  Drone x2  
  67  6:21  Hydralisk Den  
  67  6:23  Drone  
  69  6:28  Drone x2  
  69  6:39  Roach x3  
  70  6:47  Roach  
  71  6:57  Roach  
  73  7:22  Muscular Augments  
  73  7:28  Drone x6  
  79  7:32  Drone  
  79  7:35  Hydralisk x4  
  88  7:51  Lurker Den  
  87  7:52  Roach x4, Hydralisk  
  87  7:54  Overlord, Zergling x2  
  87  7:55  Overlord  
  98  8:07  Zerg Missile Weapons Level 1  
  98  8:08  Zerg Ground Armor Level 1  
  98  8:24  Ravager x4  
  98  8:26  Roach  
  98  8:27  Overlord x4, Roach  
  106  8:28  Drone x7  
  106  8:31  Extractor  
  112  8:35  Overlord x2  
  112  8:46  Drone x5  
  117  8:50  Extractor  
  116  8:58  Drone  
  117  9:06  Grooved Spines  
  117  9:08  Hydralisk x6  
  129  9:27  Hatchery  
  128  9:32  Lurker x4  
  128  9:37  Lurker  
  133  9:40  Overseer  
  133  9:47  Burrow  
  133  10:03  Infestation Pit  
  133  10:04  Roach x4  
  133  10:05  Roach, Zergling x10  
  147  10:14  Zerg Melee Weapons Level 1  
  147  10:25  Hydralisk x3  
  147  10:46  Roach x6  
  147  10:48  Roach  
  147  10:49  Roach  
  158  10:50  Overlord x2  
  158  10:51  Overlord x2  
  158  10:53  Roach  
  146  11:06  Roach x3  
  146  11:07  Roach  
  149  11:15  Hydralisk x3  
  152  11:18  Hydralisk x4  
  152  11:19  Hydralisk x2  
  162  11:31  Drone x8  
  162  11:32  Drone x7  
  177  11:38  Lurker x4  
  181  12:11  Extractor  
  181  12:12  Extractor  
Show
View Real Time Build Order
Export as new Build Order

axu Protoss 

Build Orders:  

Get SALT Encoding   

  12  0:00  Probe  
  13  0:15  Probe  
  13  0:21  Pylon  
  14  0:27  Probe  
  15  0:43  Gateway  
  15  0:54  Probe  
  16  1:00  Assimilator  
  16  1:06  Probe (Chrono Boost)  
  17  1:20  Probe (Chrono Boost)  
  18  1:26  Probe  
  19  1:46  Cybernetics Core  
  19  1:58  Probe  
  20  2:15  Gateway  
  20  2:16  Pylon  
  21  2:38  Pylon  
  19  2:48  Adept  
  18  2:53  Pylon  
  18  3:03  Pylon  
  17  3:20  Adept (Chrono Boost), Warp Gate  
  17  3:22  Adept (Chrono Boost)  
  21  3:40  Pylon  
  16  3:56  Adept (Chrono Boost)  
  16  4:00  Adept (Chrono Boost)  
  20  4:15  Probe  
  19  4:20  Adept (Chrono Boost)  
  21  4:27  Probe  
  22  4:39  Pylon  
  22  4:53  Nexus  
  22  4:57  Gateway  
  22  5:01  Assimilator  
  22  5:05  Probe  
  23  5:15  Adept  
  23  5:16  Adept  
  23  5:17  Probe (Chrono Boost)  
  28  5:22  Shield Battery  
  28  5:27  Pylon  
  29  5:29  Probe (Chrono Boost)  
  29  5:35  Pylon  
  29  5:37  Probe (Chrono Boost)  
  30  5:43  Probe  
  31  5:55  Probe  
  32  5:59  Adept x2  
  32  6:00  Adept  
  38  6:07  Probe  
  39  6:15  Twilight Council  
  37  6:55  Robotics Facility  
  37  6:59  Probe x2  
  37  7:11  Probe x2  
  39  7:23  Probe x2  
  35  7:35  Probe x2  
  37  7:37  Adept x3  
  37  7:42  Immortal (Chrono Boost)  
  47  7:47  Probe  
  47  7:50  Shield Battery  
  48  7:51  Shield Battery  
  48  8:01  Probe x2  
  50  8:07  Immortal (Chrono Boost)  
  50  8:08  Pylon  
  54  8:13  Probe  
  54  8:14  Stalker  
  54  8:19  Stalker  
  59  8:44  Assimilator, Immortal  
  59  8:48  Probe x2  
  65  8:49  Assimilator  
  65  8:57  Zealot  
  65  9:00  Probe x2  
  69  9:12  Probe x2 (Chrono Boost)  
  71  9:21  Immortal (Chrono Boost)  
  71  9:22  Probe x2 (Chrono Boost)  
  77  9:27  Probe (Chrono Boost)  
  78  9:37  Nexus  
  78  9:40  Pylon  
  78  9:45  Pylon  
  78  9:50  Forge  
  78  9:51  Forge  
  78  9:58  Probe x2  
  78  9:59  Observer  
  81  10:02  Adept  
  81  10:03  Adept x2  
  81  10:06  Resonating Glaives (Chrono Boost)  
  87  10:20  Observer  
  88  10:25  Zealot  
  90  10:34  Shield Battery  
  90  10:36  Shield Battery, Photon Cannon  
  90  10:38  Photon Cannon  
  37  11:37  Gateway  
Tags
 
Add a new tag
Caveats
  • Supply blocks, unpowered buildings, or Contaminate may cause inaccurate times.
  • Supply counts are checked every 10 seconds.